 Dungeon Crawl Stone Soup version 0.30-a0-187-gd9c2deaf24 (webtiles) character file.

Game seed: 10351253275005657988

3635 kae the Arsonist (level 9, -2/45 HPs)
             Began as a Deep Elf Fire Elementalist on Oct 3, 2022.
             Slain by an orc warrior zombie
             ... wielding a +0 halberd
              (9 damage)
             ... in a bailey.
             The game lasted 00:08:13 (9262 turns).

kae the Arsonist (Deep Elf Fire Elementalist)       Turns: 9262, Time: 00:08:14

Health: -2/45      AC:  8    Str:  5    XL:     9   Next: 87%
Magic:  16/23      EV: 12    Int: 31    God:
Gold:   1354       SH:  0    Dex: 12    Spells: 12/25 levels left

rFire   + . .      SeeInvis +    A - +9 great sword of Gaamadgh {vorpal, Will+ Int+6 Dex-3}
rCold   . . .      Faith    .    (shield currently unavailable)
rNeg    . . .      Spirit   .    H - +1 steam dragon scales
rPois   .          Reflect  .    (no helmet)
rElec   .          Harm     .    l - +0 cloak
rCorr   .          Rampage  .    y - +0 pair of gloves
Will    +....                    (no boots)
Stlth   ++........               (no amulet)
HPRegen 0.27/turn                v - ring of see invisible
MPRegen 0.18/turn                F - ring of protection from fire

@: no status effects
A: no striking features
a: no special abilities


You were in a bailey.
You visited 2 branches of the dungeon, and saw 9 of its levels.
You also visited: Bailey.

You collected 1354 gold pieces.


   Skills:
 - Level 2.4 Dodging
 - Level 2.4 Stealth
 + Level 8.8 Spellcasting
 * Level 9.9 Conjurations
 * Level 10.4 Fire Magic


You had 12 spell levels left.
You knew the following spells:

 Your Spells              Type           Power      Damage    Failure   Level
a - Foxfire               Conj/Fire      100%       2x1d9     1%          1
b - Scorch                Fire           100%       2d10      1%          2
c - Inner Flame           Hex/Fire       46%        N/A       1%          3
d - Kindle Blastsparks    Fire/Tloc/Air  70%        2d15      2%          3
e - Flame Wave            Conj/Fire      67%        2d15      1%          4

Your spell library contained the following spells:

 Spells                   Type           Power      Damage    Failure   Level
 Kiss of Death            Conj/Necr      100%       2d13      1%          1
 Sublimation of Blood     Necr           13%        N/A       5%          2
 Wereblood                Tmut           13%        N/A       5%          2
 Confusing Touch          Hex            13%        N/A       11%         3
 Gell's Gravitas          Tloc           13%        N/A       11%         3
 Lesser Beckoning         Tloc           26%        N/A       11%         3
 Teleport Other           Tloc           13%        N/A       11%         3
 Dispel Undead            Necr           13%        3d9       36%         4
 Summon Hydra             Summ           6%         N/A       100%        7

Inventory:

Hand Weapons
 A - the +9 great sword of Gaamadgh (weapon) {vorpal, Will+ Int+6 Dex-3}
   (You found it on level 6 of the Dungeon)

   It inflicts extra damage upon your enemies.
   Int:       It affects your intelligence (+6).
   Dex:       It affects your dexterity (-3).
   Will:      It increases your willpower.
Missiles
 a - 4 boomerangs
 e - 112 stones
 g - 3 boomerangs of dispersal {=f!f}
 D - 6 poisoned darts
 E - 2 throwing nets {=f!f}
Armour
 l - a +0 cloak (worn)
   (You found it on level 2 of the Dungeon)
 y - a +0 pair of gloves (worn)
   (You found it on level 3 of the Dungeon)
 H - +1 steam dragon scales (worn)
   (You found it on level 6 of the Dungeon)
Jewellery
 v - a ring of see invisible (left hand)
   (You found it on level 1 of the Dungeon)
 F - a ring of protection from fire (right hand)
   (You found it on level 3 of the Dungeon)
 I - a +6 ring of intelligence
   (You found it on level 3 of the Dungeon)
 O - a +4 ring of protection
   (You found it on level 3 of the Dungeon)
Wands
 o - a wand of charming (15)
   (You found it on level 2 of the Dungeon)
 q - a wand of flame (49)
   (You found it on level 2 of the Dungeon)
Scrolls
 c - a scroll of butterflies
 d - 3 scrolls of enchant armour
 h - a scroll of blinking {!r}
 i - a scroll of teleportation {@r4}
 k - 2 scrolls of amnesia
 r - a scroll of magic mapping {!r}
 u - 3 scrolls of silence {!r}
 x - a scroll of acquirement
Potions
 b - 2 potions of magic
 f - a potion of invisibility {unknown}
 j - a potion of ambrosia {unknown}
 m - 6 potions of curing {@q1}
 n - a potion of might
 p - 3 potions of attraction {!q}
 s - 2 potions of haste {@q3}
 t - a potion of berserk rage {unknown}
 w - 6 potions of degeneration {unknown}
 z - 3 potions of flight {unknown}
 B - a potion of mutation {!q}
 G - a potion of lignification {unknown}
Miscellaneous
 C - a piece from Xom's chessboard (15/15)
   (You found it on level 6 of the Dungeon)

Dungeon Overview and Level Annotations

Branches:
Dungeon (8/15) Zot: 26795  Temple (1/1) D:7 Zot: 5800    Lair (0/5) D:8
 Bailey (1/1) Zot: 5592

Altars:
Ashenzari
Cheibriados
Dithmenos
Elyvilon
Fedhas
Gozag
Hepliaklqana
Kikubaaqudgha
Nemelex Xobeh
Okawaru
Trog
Wu Jian
Xom

Shops:
D:3

:(
#...#..########'#..8..≈≈
#...#..##.......#...8..≈
#...#..##).))...#......♣
#...#..##'#####'#...8.♣♣
#..)#..#........##....♣
#.........♣......#....♣
#....).....♣.....#.....
###............).##
..'..♣...♣..♣)..@)#
..#.♣.............#
'##.♣........####Z#
.#...........# .Z#
.#..)..)))...# ...#
.#..♣....... ..#+#
##......... #..
..♣♣....#. ### .. ..##


You could see 2 orc warrior zombies.


Message History

* * * LOW HITPOINT WARNING * * *
The wolf zombie closely misses you.
There is an open door here. 😨 HP[-6]
You take 6 damage, and now have 21/45 hp.
Casting: Scorch (safe; 1% risk of failure)
Confirm with . or Enter, or press ? or * to list all spells.
Flames lash the wolf zombie.
The wolf zombie is burned terribly!
You destroy the wolf zombie! 😨 HP[+1] MP[-1]
You lost 1 mp, and now have 13/23 mp.
Casting: Scorch (safe; 1% risk of failure)
Confirm with . or Enter, or press ? or * to list all spells.
You can't see any susceptible monsters within range! (Use Z to cast anyway.) Key pressed, stopping explore.
Casting: Scorch (safe; 1% risk of failure)
Confirm with . or Enter, or press ? or * to list all spells.
You can't see any susceptible monsters within range! (Use Z to cast anyway.) 😕 HP[+12] MP[+8]
You regained 12 hp, and now have 34/45 hp.
You regained 8 mp, and now have 21/23 mp.
You open the door. 2 orc zombies come into view. 😕 HP[+4] MP[+2]
You regained 4 hp, and now have 38/45 hp.
Your mp is fully restored (23).
There are monsters nearby!
There are monsters nearby!
Casting: Scorch (safe; 1% risk of failure)
Confirm with . or Enter, or press ? or * to list all spells.
You conjure some foxfire! 😕 HP[+1] MP[-1]
You lost 1 mp, and now have 22/23 mp.
Casting: Foxfire (safe; 1% risk of failure)
Confirm with . or Enter, or press ? or * to list all spells.
You conjure some foxfire!
The foxfire hits the orc zombie.
The foxfire hits the orc zombie!
You destroy the orc zombie!
The foxfire hits the orc zombie! 😕 MP[-1]
You lost 1 mp, and now have 21/23 mp.
Casting: Foxfire (safe; 1% risk of failure)
Confirm with . or Enter, or press ? or * to list all spells.
You conjure some foxfire!
The foxfire hits the orc zombie.
You destroy the orc zombie! 😕 HP[+1]
There is an open door here.
You open the door.
An orc zombie and 2 orc warrior zombies come into view. 😎 HP[+5] MP[+2]
Your hp is fully restored (45).
Your mp is fully restored (23).
Casting: Foxfire (safe; 1% risk of failure)
Confirm with . or Enter, or press ? or * to list all spells.
You conjure some foxfire!
The foxfire hits the orc warrior zombie. 😎 MP[-1]
You lost 1 mp, and now have 22/23 mp.
There are monsters nearby!
Casting: Foxfire (safe; 1% risk of failure)
Confirm with . or Enter, or press ? or * to list all spells.
You conjure some foxfire!
The orc warrior zombie closely misses you.
The orc warrior zombie hits you from afar with a +0 halberd! 😕 HP[-8] MP[-1]
You take 8 damage, and now have 37/45 hp.
You lost 1 mp, and now have 21/23 mp.
There are monsters nearby!
Casting: Foxfire (safe; 1% risk of failure)
Confirm with . or Enter, or press ? or * to list all spells.
You conjure some foxfire!
The orc warrior zombie misses you.
The orc warrior zombie barely misses you.
There are monsters nearby!
Casting: Foxfire (safe; 1% risk of failure)
Confirm with . or Enter, or press ? or * to list all spells.
Flames lash the orc warrior zombie.
The orc warrior zombie's fire resistance burns away.
The orc warrior zombie closely misses you.
The orc warrior zombie hits you from afar with a +0 halberd! 😮 HP[-14] MP[-2]
You take 14 damage, and now have 23/45 hp.
MASSIVE DAMAGE!! (PAUSE)
You lost 2 mp, and now have 19/23 mp.
Casting: Scorch (safe; 1% risk of failure)
Confirm with . or Enter, or press ? or * to list all spells.
Flames lash the orc warrior zombie.
The orc warrior zombie's fire resistance burns away.
The orc warrior zombie hits you from afar with a +0 halberd!
* * * LOW HITPOINT WARNING * * *
The orc warrior zombie hits you from afar with a +0 halberd!
* * * LOW HITPOINT WARNING * * *
😱 HP[-16] MP[-1]
You take 16 damage, and now have 7/45 hp.
MASSIVE DAMAGE!! (PAUSE)
You lost 1 mp, and now have 18/23 mp.
Casting: Scorch (safe; 1% risk of failure)
Confirm with . or Enter, or press ? or * to list all spells.
Flames lash the orc zombie.
You destroy the orc zombie!
The orc warrior zombie hits you from afar with a +0 halberd!
You die...

Skill      XL: |  1  2  3  4  5  6  7  8  9 |
---------------+----------------------------+-----
Conjurations   | 2 3 4 5 6 8 9 |  9.9
Fire Magic     | 4 5 6 7 9 10 | 10.4
Spellcasting   | 4 5 6 7 8 |  8.8
Dodging        | |  2.4
Stealth        | |  2.4

Action                   |  1- 3 |  4- 6 |  7- 9 || total
-------------------------+-------+-------+-------++-------
Melee: Unarmed           |     1 |     1 |     1 ||     3
       Great sword       |       |       |     1 ||     1
 Cast: Foxfire           |    67 |    68 |   180 ||   315
       Scorch            |     8 |    13 |    66 ||    87
       Inner Flame       |       |     2 |     8 ||    10
       Kindle Blastspark |       |     1 |       ||     1
       Flame Wave        |       |       |     5 ||     5
  Use: Scroll            |     1 |     2 |    14 ||    17
Armor: Robe              |       |     1 |     4 ||     5
       Steam dragon scal |       |       |    26 ||    26
Dodge: Dodged            |    12 |    24 |    89 ||   125

Levels and vault maps discovered:
D:1:      evilmike_arrival_hilbert_curve, layout_basic,
          chequers_ecumenical_altar_simple_redux, dreamdust_princess_corridor
D:2:      layout_loops_ring, minmay_tromino_v7
D:3:      layout_basic, serial_shops, shop, shop, uniq_sigmund, uniq_ijyb
D:4:      layout_basic, elyvilon_altar_1, slow_altar_1, solitary_fountain
D:5:      layout_basic, grunt_dithmenos_smoke_and_mirrors, trog_hazing_becter,
          grunt_decor_resistance
D:6:      layout_cave_pools, xom_butterflies, dreamdust_mushroom_princess
D:7:      minmay_chambers_of_fours, layout_basic, lemuel_coloured_pillars_altar,
          minmay_temple_entry_waves, uniq_prince_ribbit1
D:8:      layout_loops_ring, dk_yredelemnul_ordeal, due_lair_maze_entry_diamond,
          enter_bailey_2, chequers_big_river, minmay_misc_feat_nine_boxes,
          hangedman_abyss_or_decor_slice, minmay_misc_feat_more_columns
Temple:   nicolae_temple_bog_church
Bailey:   bailey_polearm_vampire_castle_hellmonk, bailey

Notes
Turn   | Place    | Note
-------+----------+-------------------------------------------
     0 | D:1      | kae the Deep Elf Fire Elementalist began the quest for the
                  | Orb.
     0 | D:1      | Reached XP level 1. HP: 10/10 MP: 6/6
     0 | D:1      | magus.rc [v1.11.3]
   254 | D:1      | Reached XP level 2. HP: 15/15 MP: 4/8
   718 | D:1      | Found a faded altar of an unknown god.
  1023 | D:2      | Learned a level 2 spell: Scorch
  1173 | D:2      | Reached skill level 2 in Conjurations
  1254 | D:2      | Reached XP level 3. HP: 19/19 MP: 6/9
  1450 | D:2      | Learned a level 3 spell: Inner Flame
  1498 | D:2      | Reached skill level 4 in Fire Magic
  1679 | D:2      | You pick up a book of Blood and begin reading...
  1679 | D:2      | You add the spells Sublimation of Blood, Wereblood and
                  | Summon Hydra to your library.
  2053 | D:3      | Learned a level 3 spell: Kindle Blastsparks
  2160 | D:3      | Found Yclapy Buu's Antique Weapon Boutique.
  2211 | D:2      | Reached skill level 3 in Conjurations
  2211 | D:2      | Reached XP level 4. HP: 24/24 MP: 3/11
  2304 | D:3      | Noticed Sigmund
  2465 | D:3      | Found Murorch's Book Boutique.
  2649 | D:3      | Noticed Ijyb
  2659 | D:3      | Killed Ijyb
  2660 | D:3      | Reached skill level 4 in Spellcasting
  2781 | D:3      | Reached XP level 5. HP: 28/28 MP: 8/13
  3206 | D:3      | Killed Sigmund
  3207 | D:3      | Reached skill level 4 in Conjurations
  3207 | D:3      | Reached skill level 5 in Fire Magic
  3207 | D:3      | Reached XP level 6. HP: 32/32 MP: 4/15
  3426 | D:4      | Found a white marble altar of Elyvilon.
  3449 | D:4      | You pick up a book of Touch and begin reading...
  3449 | D:4      | You add the spells Kiss of Death, Confusing Touch and
                  | Dispel Undead to your library.
  3740 | D:4      | You fall into a shaft and drop 1 floor!
  3740 | D:5      | Entered Level 5 of the Dungeon
  3941 | D:5      | Reached skill level 5 in Spellcasting
  4018 | D:5      | Found a shadowy altar of Dithmenos.
  4104 | D:4      | Reached skill level 5 in Conjurations
  4104 | D:4      | Reached skill level 6 in Fire Magic
  4116 | D:4      | HP: 1/32 [gnoll/+0 flail[a gnoll bouda] (12)]
  4250 | D:3      | Learned a level 4 spell: Flame Wave
  4334 | D:3      | Reached XP level 7. HP: 21/36 MP: 11/16
  4554 | D:4      | Found a snail-covered altar of Cheibriados.
  5317 | D:5      | Reached skill level 6 in Conjurations
  5460 | D:5      | Found a bloodstained altar of Trog.
  5463 | D:5      | Reached skill level 7 in Fire Magic
  5810 | D:5      | Reached skill level 6 in Spellcasting
  5908 | D:6      | Reached XP level 8. HP: 41/41 MP: 15/19
  6120 | D:6      | You pick up a book of Displacement and begin reading...
  6120 | D:6      | You add the spells Lesser Beckoning, Gell's Gravitas and
                  | Teleport Other to your library.
  6145 | D:6      | Identified the +9 great sword of Gaamadgh {vorpal, Will+
                  | Int+6 Dex-3}
  6172 | D:6      | Found a shimmering altar of Xom.
  6271 | D:6      | Reached skill level 7 in Conjurations
  6483 | D:6      | Reached skill level 8 in Fire Magic
  6806 | D:7      | Identified 2 scrolls of acquirement
  6806 | D:7      | Acquired 1019 gold pieces
  7031 | D:7      | Reached skill level 7 in Spellcasting
  7095 | D:7      | Found a staircase to the Ecumenical Temple.
  7103 | Temple   | Entered the Ecumenical Temple
  7552 | D:7      | Reached skill level 8 in Conjurations
  7609 | D:7      | Noticed Prince Ribbit
  7620 | D:7      | Killed Prince Ribbit
  7621 | D:7      | Reached skill level 9 in Fire Magic
  7621 | D:7      | Reached XP level 9. HP: 45/45 MP: 7/22
  8207 | D:7      | Reached skill level 8 in Spellcasting
  8211 | D:7      | Reached skill level 9 in Conjurations
  8424 | D:7      | HP: 11/45 [cloud of flame (8)]
  8612 | D:7      | Found a blossoming altar of Fedhas.
  8738 | D:8      | Reached skill level 10 in Fire Magic
  8750 | D:8      | Found a flagged portal.
  8855 | Bailey   | Entered a bailey
  9260 | Bailey   | HP: 7/45 [orc warrior zombie/+0 halberd (8)]
  9262 | Bailey   | Slain by an orc warrior zombie

Vanquished Creatures
  Prince Ribbit (D:7)
  Sigmund (D:3)
  A steam dragon (D:6)
  3 water moccasins (D:8)
  4 black bears
  2 orc warriors (D:7)
  3 ice beasts (D:7)
  2 ogres (D:5)
  2 centaurs
  5 bullfrogs
  A necrophage (D:6)
  2 gnoll sergeants
  3 wights (D:6)
  A howler monkey (D:7)
  2 wolf zombies (Bailey)
  4 orc priests
  3 jellies
  2 hounds
  2 gnoll boudas
  4 iguanas
  Ijyb (D:3)
  3 orc wizards
  19 gnolls
  4 adders
  A white imp (D:7)
  4 worms
  28 orcs
  3 endoplasms
  2 giant cockroaches
  11 goblins
  9 hobgoblins
  2 jackals (D:2)
  7 kobolds
  3 quokkas
  4 ball pythons
  A bat (D:1)
  3 frilled lizards
  14 orc zombies (Bailey)
  7 rats
  2 butterflies (D:6)
176 creatures vanquished.

Vanquished Creatures (collateral kills)
  2 foxfires (D:4)
2 creatures vanquished.

Vanquished Creatures (others)
  529 foxfires
  25 fungi (D:8)
  37 plants (D:8)
591 creatures vanquished.

Grand Total: 769 creatures vanquished

Table legend:
 A = Non-vault XP
 B = Vault XP
 C = Vault XP percentage of total XP
 D = Non-vault monster count
 E = Vault monster count
 F = Vault count percentage of total count
                 A         B        C        D         E       F
            +---------+---------+-------+---------+---------+-------
      Total |    3020 |    2174 |  41.9 |     132 |      42 |  24.1
            +---------+---------+-------+---------+---------+-------
        D:1 |      19 |       0 |   0.0 |      11 |       0 |   0.0
        D:2 |      70 |       6 |   7.9 |      17 |       3 |  15.0
        D:3 |     130 |     275 |  67.9 |      26 |       2 |   7.1
        D:4 |     104 |       4 |   3.7 |      13 |       1 |   7.1
        D:5 |     777 |      12 |   1.5 |      24 |       6 |  20.0
        D:6 |     813 |       0 |   0.0 |      17 |       0 |   0.0
        D:7 |     975 |     839 |  46.3 |      22 |       7 |  24.1
        D:8 |      97 |     863 |  89.9 |       1 |       7 |  87.5
     Temple |      35 |       0 |   0.0 |       1 |       0 |   0.0
     Bailey |       0 |     175 | 100.0 |       0 |      16 | 100.0
            +---------+---------+-------+---------+---------+-------

Illustrated notes

Table legend:
 A = Kills in this place as a percentage of kills in entire the game.
 B = Kills by you in this place as a percentage of kills by you in the entire game.
 C = Kills by friends in this place as a percentage of kills by friends in the entire game.
 D = Other kills in this place as a percentage of other kills in the entire game.
 E = Experience gained in this place as a percentage of experience gained in the entire game.
 F = Experience gained in this place divided by the number of levels of this place that you have seen.
                   A       B       C       D       E      F
               +-------+-------+-------+-------+-------+----------------------
         Total | 100.0 | 100.0 |   N/A |   N/A | 100.0 | 519.4
       Dungeon |  90.2 |  90.2 |   N/A |   N/A |  96.0 | 623.0
        Temple |   0.6 |   0.6 |   N/A |   N/A |   0.7 |  35.0
        Bailey |   9.2 |   9.2 |   N/A |   N/A |   3.4 | 175.0
               +-------+-------+-------+-------+-------+----------------------

Table legend: (Time is in decaauts)
 A = Elapsed time spent in this place.
 B = Non-inter-level travel time spent in this place.
 C = Inter-level travel time spent in this place.
 D = Time resting spent in this place.
 E = Time spent auto-exploring this place.
 F = Levels seen in this place.
 G = Mean time per level.
                   A        B        C        D        E       F      G
               +--------+--------+--------+--------+--------+-----+--------+
         Total |   9275 |   8985 |    290 |    440 |   7234 |  10 |  927.5 |
       Dungeon |   8669 |   8388 |    281 |    440 |   6762 |   8 | 1083.6 |
        Temple |    199 |    190 |      9 |      0 |    178 |   1 |  199.0 |
        Bailey |    406 |    406 |      0 |      0 |    294 |   1 |  406.0 |
               +--------+--------+--------+--------+--------+-----+--------+

Top non-repeatable levels by time:
     D:7: 1466 daAuts
     D:5: 1399 daAuts
     D:3: 1304 daAuts
     D:2: 1196 daAuts
     D:6: 1098 daAuts
     D:1: 1018 daAuts
     D:4: 980 daAuts
  Bailey: 406 daAuts
     D:8: 204 daAuts
  Temple: 199 daAuts
